 Dungeon Crawl Stone Soup version 0.16.2-12-gd0ad4c3 (webtiles) character file.

168 schauveau the Digger (level 5, -5/28 HPs)
             Began as a Gargoyle Earth Elementalist on Oct 31, 2015.
             Was a Follower of Vehumet.
             Slain by an orc warrior
             ... wielding a +0 hand axe
              (9 damage)
             ... on level 4 of the Dungeon.
             The game lasted 00:14:36 (2968 turns).

schauveau the Digger (Gargoyle Earth Elementalist)  Turns: 2968, Time: 00:14:36

Health: -5/28      AC: 12    Str: 12    XL:     5   Next: 48%
Magic:  0/11       EV: 16    Int: 20    God:    Vehumet [*.....]
Gold:   177        SH:  0    Dex: 15    Spells: 3 memorised, 6 levels left

rFire  . . .     SeeInvis .     f - +4 dagger
rCold  + . .     Clarity  .     l - +2 leather armour {rC+}
rNeg   + . .     SustAb   .     (no shield)
rPois  ∞         Gourm    .     (no helmet)
rElec  +         Spirit   .     q - +2 cloak
rCorr  .         Warding  .     (no gloves)
rMut   .         Stasis   .     (no boots)
MR     .....                    (no amulet)
Stlth  +++.......               (no ring)
                                n - +4 ring of intelligence

@: agile, very slightly contaminated, not resistant to hostile enchantments,
fairly stealthy
A: negative energy resistance 1, electricity resistance, unbreathing,
petrification resistance, rot immunity, AC +4
a: Renounce Religion


You were on level 4 of the Dungeon.
You worshipped Vehumet.
Vehumet was aware of your devotion.
You were hungry.

You visited 1 branch of the dungeon, and saw 4 of its levels.

You collected 177 gold pieces.

Inventory:

Hand weapons
 f - a +4 dagger (weapon)
 j - a +0 club
Missiles
 b - 97 stones (quivered)
 k - 2 tomahawks
 r - 19 poisoned needles
Armour
 l - a +2 leather armour of cold resistance (worn)
 q - a +2 cloak (worn)
Jewellery
 n - a +4 ring of intelligence (left hand)
Scrolls
 e - 5 scrolls of identify
 h - a scroll of enchant armour
 o - 2 scrolls of remove curse
Books
 d - a book of Geomancy

   Spells                             Type                      Level
   a - Sandblast                      Earth                        1
   b - Stoneskin                      Transmutation/Earth          2
   c - Passwall                       Transmutation/Earth          3
   d - Stone Arrow                    Conjuration/Earth            3
   e - Petrify                        Transmutation/Earth          4
   f - Lee's Rapid Deconstruction     Earth                        5
 p - a Fen Folio

   Spells                             Type                      Level
   a - Corpse Rot                     Necromancy                   2
   b - Stone Arrow                    Conjuration/Earth            3
   c - Leda's Liquefaction            Hexes/Earth                  4
   d - Summon Forest                  Summoning/Translocation      5
   e - Hydra Form                     Transmutation                6
   f - Summon Hydra                   Summoning                    7
Comestibles
 a - 5 bread rations
 c - 3 fruits


   Skills:
 - Level 1.5 Dodging
 - Level 2.1 Stealth
 + Level 3.5 Spellcasting
 + Level 1.6 Conjurations
   Level 0.7 Transmutations
 * Level 1.8 Fire Magic
 + Level 5.0 Earth Magic


You had 6 spell levels left.
You knew the following spells:

 Your Spells              Type           Power        Failure   Level  Hunger
a - Sandblast             Erth           ###...       2%          1    None
b - Stone Arrow           Conj/Erth      ###...       14%         3    ###....
c - Flame Tongue          Conj/Fire      ##...        10%         1    None


Dungeon Overview and Level Annotations

Branches:
Dungeon (4/15)
 Temple: D:4-7

Altars:
Cheibriados
Fedhas
Gozag
Makhleb
Vehumet
Xom

Annotations:
D:4 PikaSir's ghost, average HOFi


Innate Abilities, Weirdness & Mutations

You are resistant to torment.
You are immune to poison.
Your stone body is very resilient (AC +4).
You resist negative energy.
You are resistant to electric shocks.
You can survive without breathing.
You are immune to petrification.
You are immune to rotting.


Message History

The adder bites you but does no damage.
The orc warrior hits you with a hand axe!
The adder bites you but does no damage.
Casting: Stone Arrow
Confirm with . or Enter, or press ? or * to list all spells.
Aiming: Stone Arrow
Press: ? - help, Shift-Dir - straight line, f/p - orc warrior
Aim: an orc warrior, wielding a hand axe and wearing a plate armour (heavily wounded)
The stone arrow hits the orc warrior.
The orc warrior is severely wounded.
You are feeling hungry.
The orc warrior hits you with a hand axe!
* * * LOW HITPOINT WARNING * * *
The adder bites you but does no damage.
Drink which item? (? for menu, Esc to quit)
It was a potion of agility.
You feel agile all of a sudden. The adder barely misses you.
The orc warrior hits you with a hand axe!
You die...

.......####.#####
#.#.....#
#.###### #.#
#.#.#.### .## #.#
#.#.._..# ## #.#
#l###.#.# # ...
..#.....# # ..#
#.###.### .
#.#...# #
....#######l#..##
#......S@ooZ..##
#.#...#####o#.#
## #.#.## #.#o.#
#.##o# ..##.#
####Z# #.# #.#


You could see an orc warrior, an iguana, an adder, 2 orcs and an adder skeleton.

Vanquished Creatures
  A worker ant (D:4)
  Ijyb (D:2)
  2 adders
  A giant mite (D:3)
  5 worms
  A giant gecko (D:3)
  2 oozes
  3 orcs
  4 ball pythons
  5 bats
  5 giant cockroaches
  7 goblins
  3 hobgoblins
  7 jackals
  12 kobolds
  A quokka (D:1)
  9 giant newts
  4 rats
73 creatures vanquished.

Notes
Turn   | Place    | Note
--------------------------------------------------------------
     0 | D:1      | schauveau, the Gargoyle Earth Elementalist, began the quest for the Orb.
     0 | D:1      | Reached XP level 1. HP: 10/10 MP: 3/3
   195 | D:1      | Reached XP level 2. HP: 13/15 MP: 3/5
   369 | D:1      | Reached skill level 4 in Earth Magic
   794 | D:3      | Found a snail-covered altar of Cheibriados.
   915 | D:2      | Reached XP level 3. HP: 15/19 MP: 6/6
   929 | D:2      | Learned a level 3 spell: Stone Arrow
   946 | D:2      | Found a burning altar of Makhleb.
   952 | D:2      | Found a radiant altar of Vehumet.
   958 | D:2      | Became a worshipper of Vehumet
  1072 | D:2      | Found a blossoming altar of Fedhas.
  1268 | D:2      | Noticed Ijyb
  1298 | D:2      | Killed Ijyb
  1319 | D:2      | Reached XP level 4. HP: 18/24 MP: 7/9
  1817 | D:2      | Reached skill level 1 in Conjurations
  1878 | D:2      | Acquired Vehumet's first power
  1878 | D:2      | Offered knowledge of Flame Tongue by Vehumet.
  1881 | D:2      | Learned a level 1 spell: Flame Tongue
  2148 | D:3      | Reached skill level 1 in Fire Magic
  2217 | D:3      | Reached XP level 5. HP: 16/28 MP: 9/11
  2546 | D:4      | Found a shimmering altar of Xom.
  2743 | D:4      | Reached skill level 5 in Earth Magic
  2756 | D:4      | Noticed PikaSir's ghost (average HOFi)
  2894 | D:4      | Found an opulent altar of Gozag.
  2939 | D:4      | Noticed an orc warrior
  2968 | D:4      | Slain by an orc warrior

Action                   |  1- 3 |  4- 6 || total
-------------------------+-------+-------++-------
Melee: Unarmed           |     7 |       ||     7
       Club              |    48 |       ||    48
       Dagger            |       |   162 ||   162
 Cast: Sandblast         |    53 |    20 ||    73
       Stone Arrow       |       |     3 ||     3
       Flame Tongue      |       |     1 ||     1
  Use: Scroll            |     5 |     4 ||     9
       Potion            |     1 |     1 ||     2
  Eat: Chunk             |     2 |     5 ||     7
